 Dungeon Crawl Stone Soup version 0.29-a0-398-ge13fd1374b (webtiles) character file.

Game seed: 16528651704968709330

2555 pyrow613 the Destroyer (level 9, -1/64 HPs)
             Began as a Demigod Conjurer on May 12, 2022.
             Slain by a hornet (shapeshifter) (9 damage)
             ... while paralysed by a hornet
             ... on level 8 of the Dungeon.
             The game lasted 00:35:11 (10661 turns).

pyrow613 the Destroyer (Demigod Conjurer)          Turns: 10661, Time: 00:35:12

Health: -1/64      AC:  4    Str: 12    XL:     9   Next: 9%
Magic:  10/20      EV:  2    Int: 28    God:
Gold:   359        SH:  0    Dex: 12    Spells: 5/18 levels left

rFire   . . .      SeeInvis .   u - +2 whip (venom)
rCold   + . .      Faith    .   (no shield)
rNeg    . . .      Spirit   .   A - +0 leather armour "Ewoxe" {+Blink rC+ Regen+}
rPois   .          Reflect  .   h - +1 hat
rElec   .          Harm     .   (no cloak)
rCorr   .          Rampage  .   (no gloves)
Will    .....                   (no boots)
Stlth   ++........              (no amulet)
HPRegen 1.00/turn               (no ring)
MPRegen 0.17/turn               (no ring)

@: paralysed, lethally poisoned (-1 -> -9), slowed
A: high MP 1, forlorn, divine attributes
a: Evoke Blink


You were on level 8 of the Dungeon.
You visited 1 branch of the dungeon, and saw 8 of its levels.
You also visited: Sewer.

You collected 359 gold pieces.

Inventory:

Hand Weapons
 c - a +2 dagger of flaming
 d - a +3 hand axe of venom
 u - a +2 whip of venom (weapon)
Missiles
 v - 13 poisoned darts
 B - a silver boomerang
Armour
 h - a +1 hat (worn)
 A - the +0 leather armour "Ewoxe" (worn) {+Blink rC+ Regen+}
   (You took it off an orc on level 6 of the Dungeon)

   rC:        It protects you from cold.
   +Blink:    It lets you blink.
   Regen:     It increases your rate of health regeneration.
Wands
 a - a wand of paralysis (8)
 s - a wand of iceblast (6)
Scrolls
 b - a scroll of enchant weapon
 f - 2 scrolls of blinking
 j - a scroll of identify
 k - a scroll of amnesia
 r - a scroll of vulnerability
 t - a scroll of enchant armour
 x - 2 scrolls of fog
 y - a scroll of silence
 C - a scroll of teleportation
Potions
 e - a potion of attraction
 g - 5 potions of heal wounds
 i - 5 potions of flight
 l - 3 potions of mutation
 n - 6 potions of haste
 o - 8 potions of curing
 p - 3 potions of might
 q - 2 potions of magic
 w - a potion of brilliance
 D - 2 potions of lignification


   Skills:
 - Level 1.0 Fighting
 - Level 1.7 Dodging
 - Level 2.2 Stealth
 + Level 5.3 Spellcasting
 * Level 8.7 Conjurations
 + Level 4.3 Hexes
 + Level 2.5 Translocations
 * Level 2.8 Evocations


You had 5 spell levels left.
You knew the following spells:

 Your Spells              Type           Power      Damage    Failure   Level
a - Magic Dart            Conj           100%       1d8       1%          1
b - Searing Ray           Conj           100%       2d8       1%          2
c - Fulminant Prism       Conj/Hex       22%        3d13      5%          4
d - Iskenderun's Mystic   Conj/Tloc      39%        2d9       9%          4
e - Poisonous Vapours     Pois/Air       14%        N/A       13%         2

Your spell library contained the following spells:

 Spells                   Type           Power      Damage    Failure   Level
 Dazzling Flash           Conj/Hex       88%        N/A       1%          3
 Stone Arrow              Conj/Erth      62%        3d10      4%          3
 Corpse Rot               Necr/Air       14%        N/A       13%         2
 Scorch                   Fire           14%        2d5       13%         2
 Flame Wave               Conj/Fire      31%        2d8       14%         4
 Animate Armour           Summ/Erth      14%        N/A       63%         4
 Summon Cactus Giant      Summ           3%         N/A       100%        6
 Lehudib's Crystal Spear  Conj/Erth      15%        10d5      100%        8


Dungeon Overview and Level Annotations

Branches:
Dungeon (8/15)             Temple (0/1) D:6           Sewer (visited)
   Lair: D:8-11

Shops:
D:8 *


Innate Abilities, Weirdness & Mutations

You have an increased reservoir of magic. (+10% MP)
You shall have no god before yourself.
Your divine heritage dramatically boosts your attributes as you level up.


Message History

Confirm with . or Enter, or press ? or * to list all spells.
Aiming: Searing Ray (safe; 1% risk of failure)
Press: ? - help, Shift-Dir - straight line, f - hornet, p - centaur
Aim: a hornet (74% to hit)
The searing ray hits the centaur!
The centaur is almost dead.
The searing ray hits the hornet.
The hornet is lightly wounded. (Press . to maintain the ray.)
The centaur hits you.
The centaur kicks you but does no damage.
The searing ray hits the centaur.
You kill the centaur!
The searing ray hits the hornet!
The hornet is heavily wounded.
The hornet stings you!
You feel yourself slow down.
The searing ray hits the hornet.
The hornet is heavily wounded.
You feel yourself speed up. The hornet stings you!
You are poisoned.
You feel yourself slow down. The hornet barely misses you.
The searing ray hits the hornet.
The hornet is severely wounded.
You finish channelling your searing ray.
You feel very sick. The hornet closely misses you.
The hornet barely misses you.
Unknown command.
Casting: Searing Ray (safe; 1% risk of failure)
Confirm with . or Enter, or press ? or * to list all spells.
Aiming: Poisonous Vapours (safe; 13% risk of failure)
Press: ? - help, Dir - move target, f/p - hornet
Aim: a hornet (severely wounded) Poisonous vapours surround the hornet!
The hornet is poisoned.
You feel very sick. The hornet stings you!
* * * LOW HITPOINT WARNING * * *
You are lethally poisoned!
You suddenly lose the ability to move!
The hornet stings you!
You die...

#.........
#.#
#.########
#.# #.#
#(# ..#
#.# ###
#.# #[#
#.# #.#
#@# #y#
#.# #.#
..# ###


You could see a hornet (poisoned).

Vanquished Creatures
  A water moccasin (D:6)
  3 orc warriors
  2 ice beasts
  5 ogres
  A centaur (D:8)
  2 phantoms
  2 kobold brigands
  3 bullfrogs
  4 scorpions
  A howler monkey (D:5)
  A jelly (D:7)
  4 hounds
  An orc priest (D:6)
  2 iguanas
  4 orc wizards
  18 adders
  6 river rats
  A shadow imp (D:5)
  A white imp (D:5)
  4 ufetubi
  4 worms
  19 orcs
  18 ball pythons
  5 bats
  3 endoplasms
  4 giant cockroaches
  7 goblins
  11 hobgoblins
  10 jackals
  12 kobolds
  3 quokkas
  2 frilled lizards
  29 rats
193 creatures vanquished.

Vanquished Creatures (others)
  16 fulminant prisms
  9 plants (D:4)
25 creatures vanquished.

Grand Total: 218 creatures vanquished

Notes
Turn   | Place    | Note
-------+----------+-------------------------------------------
     0 | D:1      | pyrow613 the Demigod Conjurer began the quest for the Orb.
     0 | D:1      | Reached XP level 1. HP: 14/14 MP: 5/5
   455 | D:1      | Reached XP level 2. HP: 22/22 MP: 4/7
   458 | D:1      | Learned a level 2 spell: Searing Ray
   773 | D:1      | Reached skill level 4 in Conjurations
  1315 | D:2      | Reached XP level 3. HP: 27/27 MP: 6/8
  1372 | D:2      | Reached skill level 1 in Fighting
  2783 | D:3      | Reached XP level 4. HP: 35/35 MP: 5/10
  3409 | D:4      | Noticed a phantom
  3415 | D:4      | Killed a phantom
  3416 | D:4      | Reached skill level 5 in Conjurations
  3416 | D:4      | Reached XP level 5. HP: 35/40 MP: 2/12
  3472 | D:4      | Noticed an ogre
  3484 | D:4      | Killed an ogre
  3684 | D:4      | Found a glowing drain.
  3689 | Sewer    | Entered a sewer
  3695 | Sewer    | Learned a level 4 spell: Fulminant Prism
  3892 | Sewer    | Reached XP level 6. HP: 47/47 MP: 11/14
  4478 | Sewer    | Reached skill level 6 in Conjurations
  4481 | Sewer    | Reached skill level 1 in Hexes
  4981 | D:4      | Reached XP level 7. HP: 52/52 MP: 11/16
  5670 | D:5      | Entered Level 5 of the Dungeon
  5991 | D:5      | Reached skill level 7 in Conjurations
  6997 | D:5      | Reached XP level 8. HP: 59/59 MP: 10/18
  7352 | D:5      | Learned a level 4 spell: Iskenderun's Mystic Blast
  7355 | D:5      | Learned a level 2 spell: Poisonous Vapours
  7647 | D:6      | Reached skill level 1 in Translocations
  7690 | D:6      | Reached skill level 8 in Conjurations
  7960 | D:6      | Identified the +0 leather armour "Ewoxe" {+Blink rC+
                  | Regen+}
  7982 | D:5      | Reached skill level 5 in Spellcasting
  8429 | D:6      | Identified the +1 ring mail of the Snail {Str+3}
  8642 | D:6      | Reached skill level 1 in Evocations
  9023 | D:6      | Found a staircase to the Ecumenical Temple.
  9979 | D:8      | Reached XP level 9. HP: 64/64 MP: 11/20
 10087 | D:8      | Found Daowk's Lightly-Used Armoury.
 10661 | D:8      | Paralysed by a hornet for 1 turns
 10661 | D:8      | Slain by a hornet (shapeshifter)

Illustrated notes

Levels and vault maps discovered:
D:1:      lightli_molten_gateway, layout_rooms, ebering_ecumenical_altar_hall
D:2:      layout_basic
D:3:      layout_loops_ring
D:4:      layout_loops_corners, mainiacjoe_overflow_brackets,
          mainiacjoe_overflow_chevrons, lightli_sewer_entry_pipes
D:5:      layout_basic
D:6:      layout_cave_pools, grunt_temple_overflow_open,
          lemuel_temple_firewalk_a
D:7:      layout_basic, nicolae_ashenzari_panopticon
D:8:      layout_loops_ring, minmay_shop_damaged

Skill      XL: |  1  2  3  4  5  6  7  8 |
---------------+-------------------------+-----
Stealth        | 2 |  2.2
Spellcasting   | 2 3 4 5 |  5.3
Conjurations   | 4 5 6 7 8 |  8.7
Fighting       | 1 |  1.0
Hexes          | 1 3 4 |  4.3
Translocations | 2 |  2.5
Evocations     | 2 |  2.8
Dodging        | |  1.7

Action                   |  1- 3 |  4- 6 |  7- 9 || total
-------------------------+-------+-------+-------++-------
Melee: Dagger            |    54 |    64 |       ||   118
       Whip              |       |       |    23 ||    23
       Punch             |       |       |     1 ||     1
Throw: Dart              |       |       |     2 ||     2
 Cast: Magic Dart        |    65 |    77 |    64 ||   206
       Searing Ray       |     9 |    24 |    38 ||    71
       Fulminant Prism   |       |       |    16 ||    16
       Iskenderun's Myst |       |       |     3 ||     3
       Poisonous Vapours |       |       |     1 ||     1
 Abil: Evoke Blink       |       |       |     1 ||     1
Evoke: Wand              |       |     1 |       ||     1
  Use: Scroll            |       |     8 |    12 ||    20
       Potion            |       |     2 |       ||     2
 Stab: Sleeping          |     4 |     1 |       ||     5
Armor: Robe              |    13 |       |       ||    13
       Leather armour    |     1 |    42 |    16 ||    59
       Skin              |       |       |     1 ||     1
Dodge: Dodged            |    44 |    87 |    45 ||   176

Table legend: (Time is in decaauts)
 A = Elapsed time spent in this place.
 B = Non-inter-level travel time spent in this place.
 C = Inter-level travel time spent in this place.
 D = Time resting spent in this place.
 E = Time spent auto-exploring this place.
 F = Levels seen in this place.
 G = Mean time per level.
                   A        B        C        D        E       F      G
               +--------+--------+--------+--------+--------+-----+--------+
         Total |  10763 |  10512 |    251 |   2568 |   6216 |   9 | 1195.9 |
       Dungeon |   9661 |   9410 |    251 |   2227 |   5735 |   8 | 1207.6 |
         Sewer |   1102 |   1102 |      0 |    341 |    481 |   1 | 1102.0 |
               +--------+--------+--------+--------+--------+-----+--------+

Top non-repeatable levels by time:
     D:5: 2506 daAuts
     D:4: 1436 daAuts
     D:3: 1269 daAuts
     D:1: 1140 daAuts
   Sewer: 1102 daAuts
     D:7: 1074 daAuts
     D:6: 919 daAuts
     D:2: 817 daAuts
     D:8: 498 daAuts
